 Dungeon Crawl Stone Soup version 0.29.1 (webtiles) character file.

Game seed: 3685174545102743339

539 qw the Cleaver (level 7, -4/59 HPs)
             Began as a Minotaur Berserker on Sept 13, 2022.
             Was a Believer of Trog.
             Slain by Duvessa
             ... wielding a +0 short sword
              (5 damage)
             ... on level 4 of the Dungeon.
             The game lasted 00:00:34 (2677 turns).

qw the Cleaver (Minotaur Berserker)                 Turns: 2677, Time: 00:00:34

Health: -4/59      AC:  6    Str: 24    XL:     7   Next: 5%
Magic:  6/6        EV: 11    Int:  4    God:    Trog [**....]
Gold:   132        SH:  0    Dex:  9    Spells: 6/6 levels left

rFire   . . .      SeeInvis .   Y - +0 hand axe
rCold   . . .      Faith    .   (no shield)
rNeg    . . .      Spirit   .   e - +0 leather armour
rPois   .          Reflect  .   (helmet restricted)
rElec   .          Harm     .   j - +0 cloak
rCorr   .          Rampage  .   f - +1 pair of gloves
Will    .....                   (no boots)
Stlth   +.........              (no amulet)
HPRegen 0.19/turn               (no ring)
MPRegen 0.10/turn               (no ring)

@: about to teleport, on berserk cooldown, slowed, very slow
A: horns 2, retaliatory headbutt
a: Renounce Religion, Berserk, Trog's Hand


You were on level 4 of the Dungeon.
You worshipped Trog.
Trog was pleased with you.
You visited 1 branch of the dungeon, and saw 4 of its levels.

You collected 132 gold pieces.


Innate Abilities, Weirdness & Mutations

You have a pair of horns on your head.
You reflexively headbutt those who attack you in melee.


   Skills:
 + Level 4.0 Fighting
 - Level 9.5 Axes
 - Level 2.4 Armour
 - Level 2.1 Dodging


You had 6 spell levels left.
You didn't know any spells.
Your spell library was empty.

Inventory:

Hand Weapons
 o - a +1 whip of freezing
 Y - a +0 hand axe (weapon)
Missiles
 d - 3 boomerangs (quivered)
Armour
 e - a +0 leather armour (worn)
 f - a +1 pair of gloves (worn)
 j - a +0 cloak (worn)
Jewellery
 g - a ring of ice
Scrolls
 c - a scroll of identify
Potions
 a - a potion of attraction {unknown}
 h - 2 potions of cancellation
 k - a potion of heal wounds {unknown}
 l - a potion of lignification {unknown}
 m - a potion of brilliance {unknown}
 n - a potion of curing
 r - a potion of invisibility {unknown}
 s - a potion of flight {unknown}

Dungeon Overview and Level Annotations

Branches:
Dungeon (4/15)
 Temple: D:4-7

Altars:

Annotations:
D:4 Dowan, Duvessa


Message History

Trog accepts your kill.
Found a buckler.
You are no longer berserk.
You are exhausted.
You feel yourself slow down.
Dowan, Brother of Duvessa comes into view.
He is wielding a +0 dagger.
Things that are here:
a +0 dagger; a goblin corpse Dowan shouts!
The hobgoblin hits you but does no damage.
Duvessa zaps a wand.
The puff of flame hits you.
You closely miss the hobgoblin. Your headbutt misses the hobgoblin.
The hobgoblin hits you but does no damage.
You hit the hobgoblin.
The hobgoblin is moderately wounded.
The hobgoblin hits you but does no damage.
You hit the hobgoblin but do no damage. You headbutt the hobgoblin.
You kill the hobgoblin!
Trog accepts your kill.
You barely miss Duvessa. Duvessa hits you with a +0 short sword!
You slash Duvessa!
Duvessa is moderately wounded.
You barely miss the iguana. The iguana closely misses you.
Duvessa zaps a wand.
The puff of flame hits you!
An adder comes into view.
The adder hisses angrily.
You hit Duvessa but do no damage.
Duvessa is lightly wounded.
You hit the iguana. The iguana bites you! Duvessa barely misses you.
Duvessa zaps a wand.
The puff of flame hits you!
Dowan smirks and points a slender finger.
Dowan barely misses you. The iguana barely misses you. You furiously retaliate!
You headbutt the iguana.
2677 ||| READING scroll of teleportation.
As you read the scroll of teleportation, it crumbles to dust.
You feel strangely unstable. Duvessa hits you with a +0 short sword.
You die...

#...... .. ..
...[... .#...
....... #=#...
...S...##....
.......#.... .
..........# .....
......e%..# .....
......e@l.##......
.......)..$.......
...........##......
...................
............)...#
............)...#
#...........)#..#
##.................
.......%...........


You could see Duvessa, Dowan, an iguana and an adder.

Vanquished Creatures
  Pikel (D:3)
  3 gnolls (D:4)
  A worm (D:2)
  A dart slug (D:2)
  3 ball pythons
  2 bats (D:1)
  2 endoplasms (D:2)
  A giant cockroach (D:1)
  8 goblins
  6 hobgoblins
  7 jackals
  A quokka (D:2)
  3 frilled lizards
  3 kobolds
  2 rats
44 creatures vanquished.

Notes
Turn   | Place    | Note
-------+----------+-------------------------------------------
     0 | D:1      | qw the Minotaur Berserker began the quest for the Orb.
     0 | D:1      | Reached XP level 1. HP: 19/19 MP: 0/0
     0 | D:1      | 0 ||| qw: Version: 0.1-a-119-g272c26d
     0 | D:1      | 0 ||| qw: Game counter: 11119
     0 | D:1      | 0 ||| qw: Always use a shield: true
     0 | D:1      | 0 ||| qw: Do Orc after D:15 true
     0 | D:1      | 0 ||| qw: Do second Lair branch before Depths: true
     0 | D:1      | 0 ||| qw: Lair rune preference: random
     0 | D:1      | 0 ||| qw: Plans: Normal
     0 | D:1      | 0 ||| PLANNING D:1-11
    54 | D:1      | Reached skill level 4 in Axes
   177 | D:1      | Reached XP level 2. HP: 26/26 MP: 1/1
   448 | D:1      | 448 ||| UPGRADING to +0 leather armour.
   458 | D:1      | 458 ||| DROPPING +0 animal skin.
   459 | D:1      | 459 ||| UPGRADING to +1 pair of gloves.
   464 | D:1      | 464 ||| UPGRADING to +0 cloak.
   469 | D:1      | 469 ||| READING scroll labelled ZITOUCL AXOTO.
   470 | D:1      | 470 ||| DRINKING 3 fizzy yellow potions.
   592 | D:2      | 592 ||| INVOKING Berserk.
   763 | D:2      | Reached skill level 5 in Axes
   856 | D:2      | Reached XP level 3. HP: 31/31 MP: 2/2
   856 | D:2      | 856 ||| Stepping ~*~*~tactically~*~*~ (stealth).
  1274 | D:2      | 1274 ||| Stepping ~*~*~tactically~*~*~ (hiding).
  1394 | D:2      | 1394 ||| READING 2 scrolls labelled DONABY DYIKH.
  1399 | D:2      | 1399 ||| READING scroll labelled KEILOI MOLI.
  1421 | D:3      | 1421 ||| STAIRDANCE
  1468 | D:3      | Reached ** piety under Trog
  2252 | D:3      | 2252 ||| READING scroll labelled TUELOTH IJEC.
  2253 | D:3      | 2253 ||| READING scroll labelled NUNODUBOUH.
  2254 | D:3      | 2254 ||| READING scroll labelled OREDOI XICAGGU.
  2403 | D:4      | Noticed Pikel
  2403 | D:4      | Noticed a lemure
  2403 | D:4      | Noticed a lemure
  2403 | D:4      | Noticed a lemure
  2403 | D:4      | Noticed a lemure
  2404 | D:4      | 2404 ||| STAIRDANCE
  2406 | D:3      | 2406 ||| INVOKING Berserk.
  2415 | D:3      | HP: 10/46 [Pikel/+1 whip of freezing (2)]
  2419 | D:3      | Killed Pikel
  2420 | D:3      | Reached skill level 9 in Axes
  2420 | D:3      | Reached XP level 4. HP: 12/39 MP: 3/3
  2420 | D:3      | Reached XP level 5. HP: 14/45 MP: 4/4
  2420 | D:3      | Reached XP level 6. HP: 16/51 MP: 5/5
  2645 | D:3      | 2645 ||| DROPPING +0 club.
  2661 | D:4      | 2661 ||| INVOKING Berserk.
  2665 | D:4      | Reached XP level 7. HP: 55/58 MP: 6/6
  2668 | D:4      | Noticed Duvessa
  2670 | D:4      | Noticed Dowan
  2676 | D:4      | HP: 9/59 [iguana (8)]
  2676 | D:4      | HP: 1/59 [Duvessa/puff of flame (8)]
  2677 | D:4      | 2677 ||| READING scroll of teleportation.
  2677 | D:4      | Slain by Duvessa

Levels and vault maps discovered:
D:1:      wander_arrival_peaceful_grave, layout_rooms
D:2:      layout_basic
D:3:      layout_basic
D:4:      layout_cave_pools, nicolae_yredelemnul_ghost_church, serial_shops,
          shop, uniq_pikel, uniq_duvessa, uniq_edmund, uniq_ijyb

Skill      XL: |  1  2  3  4  5  6  7 |
---------------+----------------------+-----
Axes           | 4 5 9 |  9.5
Fighting       | 4 |  4.0
Armour         | |  2.4
Dodging        | |  2.1

Action                   |  1- 3 |  4- 6 |  7- 9 || total
-------------------------+-------+-------+-------++-------
Melee: Hand axe          |    45 |     6 |     7 ||    58
       Headbutt          |     1 |     1 |     2 ||     4
Throw: Boomerang         |    57 |       |       ||    57
Invok: Berserk           |     2 |     1 |       ||     3
  Use: Scroll            |     6 |       |     1 ||     7
       Potion            |     1 |       |       ||     1
Armor: Animal skin       |     4 |       |       ||     4
       Leather armour    |     6 |     2 |     4 ||    12
Dodge: Dodged            |    21 |     7 |     4 ||    32

Table legend:
 A = Non-vault XP
 B = Vault XP
 C = Vault XP percentage of total XP
 D = Non-vault monster count
 E = Vault monster count
 F = Vault count percentage of total count
                 A         B        C        D         E       F
            +---------+---------+-------+---------+---------+-------
      Total |     119 |     651 |  84.5 |      43 |       1 |   2.3
            +---------+---------+-------+---------+---------+-------
        D:1 |      22 |       0 |   0.0 |      12 |       0 |   0.0
        D:2 |      27 |       0 |   0.0 |      12 |       0 |   0.0
        D:3 |      16 |     651 |  97.6 |      10 |       1 |   9.1
        D:4 |      54 |       0 |   0.0 |       9 |       0 |   0.0
            +---------+---------+-------+---------+---------+-------
